 Dungeon Crawl Stone Soup version 0.29.1-1-gd02db6906a (webtiles) character file.

Game seed: 5825404440919452126

127 Ashen the Chiller (level 4, -6/29 (33) HPs)
             Began as a Demonspawn Ice Elementalist on Sept 17, 2022.
             Mangled by Sigmund
             ... wielding a +0 scythe
              (16 damage)
             ... on level 3 of the Dungeon.
             The game lasted 00:04:46 (2619 turns).

Ashen the Chiller (Demonspawn Ice Elementalist)     Turns: 2619, Time: 00:04:47

HP:   -6/29 (33)    AC:  3    Str:  8    XL:     4   Next: 85%
MP:   6/8           EV: 12    Int: 19    God:
Gold: 128           SH:  0    Dex: 13    Spells: 7/8 levels left

rFire   . . .      SeeInvis .   (no weapon)
rCold   . . .      Faith    .   (no shield)
rNeg    . . .      Spirit   .   q - +0 leather armour
rPois   .          Reflect  .   (no helmet)
rElec   .          Harm     .   o - scarf {+Inv}
rCorr   .          Rampage  .   (no gloves)
Will    .....                   (no boots)
Stlth   ++........              h - amulet of regeneration
HPRegen 0.89/turn               (no ring)
MPRegen 0.11/turn               (no ring)

@: heavily drained
A: hooves 2, powered by death 1
a: Evoke Invisibility


You were on level 3 of the Dungeon.
You visited 1 branch of the dungeon, and saw 3 of its levels.

You collected 128 gold pieces.

Inventory:

Armour
 o - a scarf of invisibility (worn)
 q - a +0 leather armour (worn)
Jewellery
 a - a ring of magical power
 h - an amulet of regeneration (around neck)
 i - an amulet of reflection
Wands
 r - a wand of paralysis (7)
Scrolls
 c - 4 scrolls of identify {unknown}
 e - 2 scrolls of noise {unknown}
 f - a scroll of teleportation {unknown}
 l - 2 scrolls of vulnerability {unknown}
 n - a scroll of immolation {unknown}
 p - 2 scrolls of fog {unknown}
Potions
 b - 3 potions of magic
 d - 2 potions of brilliance {unknown}
 g - 2 potions of might
 j - a potion of curing {unknown}
 k - a potion of cancellation {unknown}
 m - 2 potions of heal wounds {unknown}


   Skills:
 + Level 1.7 Fighting
 + Level 2.6 Dodging
 + Level 2.6 Stealth
 + Level 2.7 Spellcasting
 + Level 4.1 Ice Magic


You had 7 spell levels left.
You knew the following spells:

 Your Spells              Type           Power      Damage    Failure   Level
a - Freeze                Ice            72%        1d9       4%          1

Your spell library contained the following spells:

 Spells                   Type           Power      Damage    Failure   Level
 Frozen Ramparts          Ice            36%        1d6       12%         3
 Ozocubu's Armour         Ice            18%        N/A       12%         3
 Hailstorm                Conj/Ice       10%        3d5       67%         4


Dungeon Overview and Level Annotations

Branches:
Dungeon (3/15)

Altars:

Annotations:
D:3 Sigmund


Innate Abilities, Weirdness & Mutations

You have hoof-like feet.
You regenerate a little health from kills.


Message History

Aiming: Freeze (safe; 4% risk of failure)
Press: ? - help, Shift-Dir - straight line, f - Sigmund
Aim: Sigmund, wielding a +0 scythe and wearing a +0 robe (strong)
You freeze Sigmund.
Sigmund is moderately wounded.
Sigmund barely misses you.
Casting: Freeze (safe; 4% risk of failure)
Confirm with . or Enter, or press ? or * to list all spells.
Aiming: Freeze (safe; 4% risk of failure)
Press: ? - help, Shift-Dir - straight line, f/p - Sigmund
Aim: Sigmund, wielding a +0 scythe and wearing a +0 robe (moderately wounded, strong)
You freeze Sigmund.
Sigmund is moderately wounded.
Casting: Freeze (safe; 4% risk of failure)
Confirm with . or Enter, or press ? or * to list all spells.
Aiming: Freeze (safe; 4% risk of failure)
Press: ? - help, Shift-Dir - straight line, f/p - Sigmund
Aim: Sigmund, wielding a +0 scythe and wearing a +0 robe (moderately wounded, strong)
You freeze Sigmund.
Sigmund is heavily wounded.
Sigmund points at you and mumbles some strange words.
You are confused.
You're too confused to cast spells.
You're too confused to cast spells.
Unknown command.
You're too confused to cast spells.
Okay, then.
Sigmund hits you from afar with a +0 scythe.
Sigmund hits you with a +0 scythe!
You bump into the rock wall.
Sigmund attacks as you move away! Sigmund barely misses you.
Sigmund casts a spell.
Sigmund flickers and vanishes!
Deactivating autopickup; reactivate with Ctrl-A.
Something hits you!
* * * LOW HITPOINT WARNING * * *
You feel less confused. Something hits you!
Ouch! That really hurt!
You die...

## .........##.#......
.##########...........
##..........##..#.####
#.###########..#.# #.#
#..#.# #.# #..# ##.#
#..# ...# #..########
...# ###..@{......
##.#########...#########
#.>............#
####.#######.##.########
...#.# #.##....#...
##.#.# #.#####.#.#
...#.# #.# #.#.# ####.#
#.# ###.#.#
.#...#######.# #.#.#.#


There were no monsters in sight!

Vanquished Creatures
  An orc priest (D:3)
  3 adders (D:2)
  A dart slug (D:1)
  9 orcs (D:3)
  9 ball pythons
  5 endoplasms
  A giant cockroach (D:1)
  2 hobgoblins (D:1)
  6 jackals
  4 kobolds
  4 quokkas
  5 bats
  3 frilled lizards
  4 goblins
  A rat (D:1)
58 creatures vanquished.

Notes
Turn   | Place    | Note
-------+----------+-------------------------------------------
     0 | D:1      | Ashen the Demonspawn Ice Elementalist began the quest for
                  | the Orb.
     0 | D:1      | Reached XP level 1. HP: 13/13 MP: 3/3
   171 | D:1      | Gained mutation: You regenerate a little health from kills.
                  | [demonic ancestry]
   171 | D:1      | Reached XP level 2. HP: 15/20 MP: 0/5
   810 | D:1      | Reached skill level 1 in Fighting
   974 | D:1      | Discovered your monstrous ancestry.
   974 | D:1      | Gained mutation: You have large cloven feet. [demonic
                  | ancestry]
   974 | D:1      | Reached XP level 3. HP: 25/26 MP: 2/6
  1497 | D:2      | Reached skill level 4 in Ice Magic
  1497 | D:2      | Gained mutation: You have hoof-like feet. [demonic
                  | ancestry]
  1497 | D:2      | Reached XP level 4. HP: 28/32 MP: 3/7
  2607 | D:3      | Noticed Sigmund
  2619 | D:3      | Mangled by Sigmund

Illustrated notes

Levels and vault maps discovered:
D:1:      nzn_arrival_crosshair, layout_basic
D:2:      layout_basic
D:3:      layout_loops_ring, doesnt_xom_only_xom, mainiacjoe_overflow_chevrons,
          serial_co_window_serial, co_window_of_opportunity_a,
          co_window_of_opportunity_a, co_window_corner_a, co_window_paths_a,
          co_window_of_opportunity_a, co_window_paths_a, co_window_corner_b,
          co_window_corner_b, co_window_corner_b, co_window_sun,
          co_window_paths_d, uniq_sigmund

Skill      XL: |  1  2  3 |
---------------+----------+-----
Stealth        | 2 |  2.6
Dodging        | 2 |  2.6
Fighting       | 1 |  1.7
Ice Magic      | 4 |  4.1
Spellcasting   | |  2.7

Action                   |  1- 3 |  4- 6 || total
-------------------------+-------+-------++-------
Melee: Unarmed           |    36 |    29 ||    65
       Kick              |     3 |    10 ||    13
 Cast: Freeze            |    59 |    32 ||    91
 Stab: Sleeping          |     3 |       ||     3
Armor: Robe              |    19 |     1 ||    20
       Leather armour    |       |     1 ||     1
Dodge: Dodged            |    68 |    31 ||    99
